 Dungeon Sprint DCSS version 0.22.1-1-ga44c0e56f4 (webtiles) character file.

12580 MuseOD the Unseen (level 11, -5/64 HPs)
             Began as a Spriggan Enchanter on Sept 29, 2018.
             Was the Champion of Dithmenos.
             Slain by an anaconda (8 damage)
             ... in the Dungeon (Sprint III: "The Ten Rune Challenge").
             The game lasted 00:04:36 (2047 turns).

MuseOD the Unseen (Spriggan Enchanter)              Turns: 2047, Time: 00:04:37

Health: -5/64      AC:  2    Str:  4    XL:     11   Next: 64%
Magic:  24/29      EV: 15    Int: 20    God:    Dithmenos [******]
Gold:   25         SH:  0    Dex: 17    Spells: 27/36 levels left

rFire    . . .     SeeInvis +   t - +2 dagger (venom)
rCold    . . .     Gourm    .   (shield restricted)
rNeg     . . .     Faith    .   b - +0 robe
rPois    .         Spirit   .   (helmet restricted)
rElec    .         Reflect  .   (no cloak)
rCorr    .         Harm     .   (gloves unavailable)
MR       +....     NoTele   +   (boots unavailable)
Stlth    ++++++++++             (no amulet)
HPRegen  0.20/turn              (no ring)
MPRegen  0.21/turn              (no ring)

@: wreathed by umbra, constricted, very quick
A: very small, unfitting armour, see invisible, herbivore, speed 3, slow
metabolism 2
a: Shadow Step, Shadow Form, Renounce Religion


You were in the Dungeon.
You worshipped Dithmenos.
Dithmenos was exalted by your worship.
You were not hungry.

You visited 1 branch You collected 25 gold pieces.

Inventory:

Hand Weapons
 a - a +1 dagger
 t - a +2 dagger of venom (weapon)
Armour
 b - a +0 robe (worn)
Wands
 r - a wand of enslavement (11)
Scrolls
 c - a scroll of immolation {unknown}
 j - a scroll of blinking
 k - a scroll of identify {unknown}
 l - 4 scrolls of remove curse
 n - a scroll of torment {unknown}
 o - a scroll of random uselessness {unknown}
Potions
 e - a potion of curing
 f - 2 potions of heal wounds
 g - a potion of haste
 h - 2 potions of magic
 i - 2 potions of berserk rage
 m - 4 potions of flight
 p - a potion of resistance {unknown}
 q - 4 potions of mutation
 s - a potion of might
Comestibles
 d - 5 rations


   Skills:
 + Level 10.6 Fighting
 * Level 18.2 Short Blades
 - Level 3.0 Dodging
 + Level 18.3 Stealth
 + Level 13.3 Spellcasting
 + Level 13.6 Hexes


You had 27 spell levels left.
You knew the following spells:

 Your Spells              Type           Power        Failure   Level  Hunger
a - Corona                Hex            ######.      1%          1    None
b - Ensorcelled Hibernat  Hex/Ice        #####.       1%          2    None
c - Confuse               Hex            ######..     1%          3    None
d - Dazzling Spray        Conj/Hex       #####.       1%          3    None

Your spell library contained the following spells:

 Spells                   Type           Power        Failure   Level  Hunger
 Confusing Touch          Hex            ######       1%          1    None
 Tukima's Dance           Hex            ######..     1%          3    None
 Animate Skeleton         Necr           N/A          4%          1    None
 Apportation              Tloc           ##....       4%          1    None
 Summon Small Mammal      Summ           ##..         4%          1    None


Dungeon Overview and Level Annotations

Branches:
Dungeon (1/1)

Altars:
Dithmenos
Elyvilon
Kikubaaqudgha
Okawaru
Ru
Sif Muna
Trog
Uskayaw
Vehumet
Wu Jian
Yredelemnul
Zin
The Shining One
Beogh


Innate Abilities, Weirdness & Mutations

You are very small and have problems with some larger weapons.
You are too small for most types of armour.
You have supernaturally acute eyesight. (SInv)
You are a herbivore.
You cover ground extremely quickly.
You need to consume almost no food.


Message History

The anaconda constricts you.
You escape the anaconda's grasp.
Unknown command.
Casting: Ensorcelled Hibernation (safe; 1% risk of failure)
Confirm with . or Enter, or press ? or * to list all spells.
Aiming: Ensorcelled Hibernation (safe; 1% risk of failure)
Press: ? - help, Shift-Dir - straight line, f - anaconda, p - anaconda
Aim: an anaconda (umbra, chance to defeat MR: 50%)
The anaconda is unaffected.
Your shadow mimicks your spell!
The anaconda is unaffected.
The anaconda grabs you.
The anaconda bites you but does no damage.
The anaconda constricts you. The anaconda bites you.
* * * LOW HITPOINT WARNING * * *
x2 The anaconda constricts you.
The anaconda's grasp on you weakens, but your attempt to escape fails.
The anaconda bites you!
* * * LOW HITPOINT WARNING * * *
x2 The anaconda constricts you.
The anaconda bites you!
You die...

#..♣♣ ♣♣♣##'#
###'♣♣♣♣♣♣♣♣♣♣♣♣♣♣♣
#...
♣♣♣♣.##..##≈≈≈≈≈≈.†#
#...
♣...##†##.#≈≈≈≈§...#
#).)
♣♣.##†##†##'≈≈≈§§####
####
♣..#.##...#≈≈..§§§§§
#.PP
♣♣†##.##.)#≈..+#####
#... ♣♣.##.#####...#
#... ♣.....##@.....#
#... ########S######
#+## #SS...... #.
#........ #.
######### #. #. #. #.


You could see 3 anacondas.

Vanquished Creatures
  Sigmund (D)
  A yaktaur captain (D)
  Erolcha (D)
  2 hydras (D)
  Urug (D)
  A death drake (D)
  A lindwurm (D)
  A deep elf mage (D)
  Edmund (D)
  2 spiny frogs (D)
  A komodo dragon (D)
  2 yaktaurs (D)
  2 tyrant leeches (D)
  2 orc high priests (D)
  3 wandering mushrooms (D)
  5 redbacks (D)
  A shadow (D)
  A necrophage (D)
  5 two-headed ogres (D)
  A water elemental (D)
  An electric eel (D)
  A wizard (D)
  An orc priest (D)
  A jelly (D)
  A necromancer (D)
  3 humans (D)
  A kobold demonologist (D)
  A wolf (D)
  An ooze (D)
  3 rats (D)
  A plant (D)
50 creatures vanquished.

Vanquished Creatures (others)
  2 draconian scorchers (D)
  6 hellions (D)
  A yaktaur (D)
  A plant (D)
10 creatures vanquished.

Grand Total: 60 creatures vanquished

Notes
Turn   | Place    | Note
-------+----------+-------------------------------------------
     0 | D        | MuseOD the Spriggan Enchanter began the quest for the Orb.
     0 | D        | Reached XP level 1. HP: 9/9 MP: 5/5
    15 | D        | Reached skill level 1 in Fighting
    15 | D        | Reached skill level 5 in Stealth
    96 | D        | Killed a hellion
    97 | D        | Killed a hellion
   110 | D        | Killed a hellion
   111 | D        | Killed a hellion
   116 | D        | Killed a hellion
   121 | D        | Killed a yaktaur
   123 | D        | Killed a hellion
   159 | D        | Killed a white draconian scorcher
   207 | D        | Killed a white draconian scorcher
   330 | D        | Noticed a wolf
   333 | D        | Killed a wolf
   333 | D        | Reached XP level 2. HP: 15/15 MP: 6/6
   354 | D        | Learned a level 2 spell: Ensorcelled Hibernation
   359 | D        | Reached skill level 5 in Short Blades
   359 | D        | Reached XP level 3. HP: 19/19 MP: 5/8
   421 | D        | Noticed a water elemental
   424 | D        | Killed a water elemental
   424 | D        | Reached XP level 4. HP: 24/24 MP: 9/9
   432 | D        | Found a basalt altar of Yredelemnul.
   432 | D        | Found a shadowy altar of Dithmenos.
   432 | D        | Found a sacrificial altar of Ru.
   432 | D        | Noticed a necrophage
   434 | D        | Killed a necrophage
   434 | D        | Reached XP level 5. HP: 30/30 MP: 10/10
   435 | D        | Reached skill level 10 in Stealth
   442 | D        | Became a worshipper of Dithmenos the Shadowed
   455 | D        | Learned a level 3 spell: Confuse
   459 | D        | Learned a level 3 spell: Dazzling Spray
   459 | D        | Found a glowing silver altar of Zin.
   459 | D        | Found a glowing golden altar of the Shining One.
   459 | D        | Found a white marble altar of Elyvilon.
   460 | D        | Noticed a deep elf mage
   462 | D        | Killed a deep elf mage
   462 | D        | Reached skill level 5 in Fighting
   462 | D        | Reached skill level 5 in Spellcasting
   462 | D        | Reached XP level 6. HP: 36/36 MP: 10/15
   462 | D        | Reached XP level 7. HP: 39/39 MP: 10/16
   505 | D        | Found a radiant altar of Vehumet.
   506 | D        | Found a deep blue altar of Sif Muna.
   506 | D        | Found an ancient bone altar of Kikubaaqudgha.
   509 | D        | Reached * piety under Dithmenos
   536 | D        | Found a hide-covered altar of Uskayaw.
   536 | D        | Found a roughly hewn altar of Beogh.
   536 | D        | Found an iron altar of Okawaru.
   536 | D        | Found a bloodstained altar of Trog.
   536 | D        | Found an ornate altar of the Wu Jian Council.
   536 | D        | Noticed a human
   536 | D        | Noticed a human
   539 | D        | Killed a human
   540 | D        | Killed a human
   552 | D        | Noticed a shadow
   554 | D        | Killed a shadow
   554 | D        | Reached ** piety under Dithmenos
   554 | D        | Reached XP level 8. HP: 45/45 MP: 19/19
   711 | D        | Reached *** piety under Dithmenos
   788 | D        | Noticed a two-headed ogre
   791 | D        | Killed a two-headed ogre
   800 | D        | Noticed a two-headed ogre
   800 | D        | Noticed Erolcha
   802 | D        | Killed Erolcha
   802 | D        | Reached XP level 9. HP: 50/50 MP: 21/23
   803 | D        | Killed a two-headed ogre
   819 | D        | Reached **** piety under Dithmenos
   825 | D        | Reached skill level 10 in Hexes
   874 | D        | Noticed Edmund
   875 | D        | Noticed Sigmund
   878 | D        | Killed Sigmund
   878 | D        | Reached XP level 10. HP: 58/58 MP: 23/26
   879 | D        | Killed Edmund
  1003 | D        | Reached ***** piety under Dithmenos
  1005 | D        | Noticed a yaktaur captain
  1282 | D        | Killed a yaktaur captain
  1282 | D        | Reached XP level 11. HP: 63/63 MP: 23/28
  1696 | D        | Reached skill level 10 in Fighting
  1826 | D        | Reached ****** piety under Dithmenos
  1879 | D        | Noticed a lindwurm
  1882 | D        | Killed a lindwurm
  1890 | D        | Noticed Urug
  1892 | D        | Killed Urug
  1898 | D        | Noticed a four-headed hydra
  1898 | D        | Noticed an eight-headed hydra
  1902 | D        | Killed a four-headed hydra
  1915 | D        | Killed an eight-headed hydra
  1921 | D        | Noticed a death drake
  1924 | D        | Killed a death drake
  2041 | D        | Noticed an anaconda
  2041 | D        | Noticed an anaconda
  2041 | D        | Noticed an anaconda
  2047 | D        | HP: 3/64 [anaconda (3)]
  2047 | D        | Slain by an anaconda

Skill      XL: |  1  2  3  4  5  6  7  8  9 10 11 |
---------------+----------------------------------+-----
Fighting       | 1 2 3 4 5 6 7 9 10 | 10.6
Short Blades   | 4 5 6 8 11 12 13 16 18 | 18.2
Stealth        | 6 8 9 11 12 14 16 17 18 | 18.3
Spellcasting   | 5 7 9 11 12 13 | 13.3
Hexes          | 6 7 9 11 12 13 | 13.6
Dodging        | |  3.0

Action                   |  1- 3 |  4- 6 |  7- 9 | 10-12 || total
-------------------------+-------+-------+-------+-------++-------
Melee: Dagger            |    17 |     3 |    21 |    28 ||    69
 Cast: Ensorcelled Hiber |     1 |       |     4 |    11 ||    16
       Confuse           |       |       |     5 |    20 ||    25
       Dazzling Spray    |       |       |       |     2 ||     2
 Stab: Sleeping          |     5 |     3 |    11 |    10 ||    29
       Confused          |       |       |     3 |     6 ||     9
Armor: Robe              |       |       |       |     2 ||     2
Dodge: Dodged            |     5 |       |     2 |     9 ||    16
